TOP OF THE 1ST |
---|
Savannah Hogs batting - Pitching for Athens Assassins : RHP Corey Brown | Pitching: RHP Corey Brown | | Batting: RHB Luis Mercado | 0-0: Called Strike 0-1: SINGLE (Groundball, 6MD) | Batting: LHB Alberto Castellanos | 0-0: Called Strike 0-1: Ball 1-1: SINGLE (Line Drive, 6M) Luis Mercado to second | Batting: RHB Gilberto Bautista | 0-0: Called Strike Throwing error on steal attempt, E2 Luis Mercado scores Alberto Castellanos to third 0-1: SINGLE (Groundball, 56D) Alberto Castellanos scores | Batting: RHB Jorge Chávez | 0-0: Called Strike 0-1: Ball 1-1: Grounds into double play, 6-4-3 (Groundball, 56) | Batting: LHB António Gutiérrez | 0-0: Called Strike 0-1: Ball 1-1: Fly out, F9 (Flyball, 9LMF) | Top of the 1st over - 2 runs, 3 hits, 1 error, 0 left on base; Savannah 2 - Athens 0 | BOTTOM OF THE 1ST |
---|
Athens Assassins batting - Pitching for Savannah Hogs : LHP Ricardo Rosário | Pitching: LHP Ricardo Rosário | | Batting: RHB Mel Wells | 0-0: Called Strike 0-1: Foul Ball, location: 2F 0-2: Foul Ball, location: 2F 0-2: Ball 1-2: Strikes out swinging | Batting: RHB Alexander Barr | 0-0: Called Strike 0-1: Foul Ball, location: 2F 0-2: SINGLE (Flyball, 8LS) | Batting: SHB David Boyle | 0-0: Called Strike 0-1: Fielders Choice at 2nd, 4-6 (Groundball, 4) | Batting: RHB Foster Hapgood | 0-0: Called Strike 0-1: Called Strike 0-2: Foul Ball, location: 2F 0-2: Ball David Boyle steals 2nd base 1-2: Fly out, F3 (Line Drive, 3) | Bottom of the 1st over - 0 runs, 1 hit, 0 errors, 1 left on base; Savannah 2 - Athens 0 | TOP OF THE 2ND |
---|
Savannah Hogs batting - Pitching for Athens Assassins : RHP Corey Brown | Batting: RHB Orlando Márquez | 0-0: Ball 1-0: Fly out, F8 (Flyball, 8RD) | Batting: RHB Richard Cardoza | 0-0: Fly out, F8 (Flyball, 8LD) | Batting: RHB Wilson Ortíz | 0-0: Ball 1-0: Swinging Strike 1-1: Swinging Strike 1-2: Foul Ball, location: 2F 1-2: Foul Ball, location: 2F 1-2: Ball 2-2: Strikes out looking | Top of the 2nd over - 0 runs, 0 hits, 0 errors, 0 left on base; Savannah 2 - Athens 0 | BOTTOM OF THE 2ND |
---|
Athens Assassins batting - Pitching for Savannah Hogs : LHP Ricardo Rosário | Batting: RHB John Jones | 0-0: Foul Ball, location: 2F 0-1: Foul Ball, location: 2F 0-2: Ball 1-2: Ground out 3-1 (Groundball, 34S) | Batting: RHB Maximino Abbado | 0-0: Ball 1-0: Foul Ball, location: 2F 1-1: Swinging Strike 1-2: Fly out, F9 (Flyball, 89XD) | Batting: RHB Jake Erickson | 0-0: Ball 1-0: Ball 2-0: Ball 3-0: Base on Balls | Batting: RHB Don Martin | 0-0: Fly out, F8 (Flyball, 78XD) | Bottom of the 2nd over - 0 runs, 0 hits, 0 errors, 1 left on base; Savannah 2 - Athens 0 | TOP OF THE 3RD |
---|
Savannah Hogs batting - Pitching for Athens Assassins : RHP Corey Brown | Batting: RHB Júlio Contreras | 0-0: Ball 1-0: Called Strike 1-1: Called Strike 1-2: Foul Ball, location: 2F 1-2: Ball 2-2: Ball 3-2: SINGLE (Groundball, 34S) (infield hit) | Batting: RHB Luis Mercado | 0-0: Called Strike 0-1: Called Strike 0-2: Foul Ball, location: 2F 0-2: Ball 1-2: Grounds into double play, 4-6-3 (Groundball, 4) | Batting: LHB Alberto Castellanos | 0-0: Ball 1-0: Ball 2-0: Ball 3-0: Base on Balls | Batting: RHB Gilberto Bautista | 0-0: Swinging Strike 0-1: Ball 1-1: Ball Alberto Castellanos steals 2nd base 2-1: Fly out, F7 (Line Drive, 7LD) | Top of the 3rd over - 0 runs, 1 hit, 0 errors, 1 left on base; Savannah 2 - Athens 0 | BOTTOM OF THE 3RD |
---|
Athens Assassins batting - Pitching for Savannah Hogs : LHP Ricardo Rosário | Batting: LHB Roy Woods | 0-0: Foul Ball, location: 2F 0-1: SINGLE (Groundball, 4MD) | Batting: RHB Mel Wells | 0-0: Ball 1-0: Ball 2-0: Called Strike 2-1: Ball 3-1: Base on Balls Roy Woods to second | Batting: RHB Alexander Barr | 0-0: Ball 1-0: Ball 2-0: Ball 3-0: Base on Balls Roy Woods to third Mel Wells to second | Batting: SHB David Boyle | 0-0: Ball Wild Pitch! Roy Woods scores Mel Wells to third Alexander Barr to second 1-0: Ball 2-0: Ball 3-0: Base on Balls | Batting: RHB Foster Hapgood | 0-0: Fielders Choice at 2nd, 4-6 (Groundball, 34) Mel Wells scores Alexander Barr to third | Batting: RHB John Jones | 0-0: Called Strike 0-1: Ball 1-1: Called Strike 1-2: Fly out, F8 (Flyball, 8RXD) Runner from 3rd tags up, SCORES, no throw | Batting: RHB Maximino Abbado | 0-0: Fly out, F8 (Flyball, 8RM) | Bottom of the 3rd over - 3 runs, 1 hit, 0 errors, 1 left on base; Savannah 2 - Athens 3 | TOP OF THE 4TH |
---|
Savannah Hogs batting - Pitching for Athens Assassins : RHP Corey Brown | Batting: RHB Jorge Chávez | 0-0: Ball 1-0: Foul Ball, location: 2F 1-1: Ground out 6-3 (Groundball, 6MS) | Batting: LHB António Gutiérrez | 0-0: Fly out, F9 (Flyball, 9) | Batting: RHB Orlando Márquez | 0-0: Ball 1-0: Ball 2-0: Ball 3-0: Base on Balls | Batting: RHB Richard Cardoza | 0-0: Called Strike 0-1: Swinging Strike 0-2: Ball 1-2: Ball 2-2: Fly out, F7 (Flyball, 7D) | Top of the 4th over - 0 runs, 0 hits, 0 errors, 1 left on base; Savannah 2 - Athens 3 | BOTTOM OF THE 4TH |
---|
Athens Assassins batting - Pitching for Savannah Hogs : LHP Ricardo Rosário | Batting: RHB Jake Erickson | 0-0: Called Strike 0-1: Foul Ball, location: 2F 0-2: Ball 1-2: Fly out, F8 (Flyball, 8LD) | Batting: RHB Don Martin | 0-0: SINGLE (Groundball, 6MD) | Batting: LHB Roy Woods | 0-0: Ball 1-0: Ball 2-0: DOUBLE (Line Drive, 78XD) Don Martin to third | Batting: RHB Mel Wells | 0-0: Fly out, F7 (Flyball, 7) Runner from 3rd tags up, OUT at HOME | Bottom of the 4th over - 0 runs, 2 hits, 0 errors, 1 left on base; Savannah 2 - Athens 3 | TOP OF THE 5TH |
---|
Savannah Hogs batting - Pitching for Athens Assassins : RHP Corey Brown | Batting: RHB Wilson Ortíz | 0-0: Ground out 5-3 (Groundball, 56) | Batting: RHB Júlio Contreras | 0-0: Ball 1-0: Ground out 5-3 (Groundball, 56) | Batting: RHB Luis Mercado | 0-0: Foul Ball, location: 2F 0-1: Swinging Strike 0-2: Fly out, F8 (Flyball, 8LD) | Top of the 5th over - 0 runs, 0 hits, 0 errors, 0 left on base; Savannah 2 - Athens 3 | BOTTOM OF THE 5TH |
---|
Athens Assassins batting - Pitching for Savannah Hogs : LHP Ricardo Rosário | Batting: RHB Alexander Barr | 0-0: Called Strike 0-1: SINGLE (Line Drive, 6MD) | Batting: SHB David Boyle | 0-0: Foul Ball, location: 2F 0-1: Fly out, F9 (Flyball, 89S) | Batting: RHB Foster Hapgood | 0-0: DOUBLE (Line Drive, 7LM) Alexander Barr to third | Batting: RHB John Jones | 0-0: Ball 1-0: Ball 2-0: DOUBLE (Flyball, 78XD) Alexander Barr scores Foster Hapgood scores | Batting: RHB Maximino Abbado | 0-0: Intentional Walk | Pitching: RHP Fernando Vázquez | | Batting: RHB Jake Erickson | 0-0: Ball 1-0: Ball 2-0: Grounds into double play, 4-6-3 (Groundball, 34) | Bottom of the 5th over - 2 runs, 3 hits, 0 errors, 1 left on base; Savannah 2 - Athens 5 | TOP OF THE 6TH |
---|
Savannah Hogs batting - Pitching for Athens Assassins : RHP Corey Brown | Batting: LHB Alberto Castellanos | 0-0: Called Strike 0-1: SOLO HOME RUN (Flyball, 9D), Distance : 383 ft | Batting: RHB Gilberto Bautista | 0-0: Ball 1-0: Called Strike 1-1: Ball 2-1: Ball 3-1: Foul Ball, location: 2F 3-2: SINGLE (Line Drive, 6M) | Batting: RHB Jorge Chávez | 0-0: Called Strike 0-1: Fielders Choice at 2nd, 5-4 (Groundball, 5) | Batting: LHB António Gutiérrez | 0-0: Ball 1-0: Foul Ball, location: 2F 1-1: Fielders Choice at 2nd, 3-6 (Groundball, 3) | Pinch Runner at 1st António Rodríguez: | | Batting: RHB Orlando Márquez | 0-0: Ball 1-0: Swinging Strike 1-1: Ball 2-1: Foul Ball, location: 2F 2-2: Ball António Rodríguez steals 2nd base 3-2: Foul Ball, location: 2F 3-2: 2-RUN HOME RUN (Flyball, 7LD), Distance : 358 ft | Pitching: RHP James Mantle | | Batting: RHB Richard Cardoza | 0-0: Swinging Strike 0-1: Swinging Strike 0-2: Strikes out swinging | Top of the 6th over - 3 runs, 3 hits, 0 errors, 0 left on base; Savannah 5 - Athens 5 | BOTTOM OF THE 6TH |
---|
Athens Assassins batting - Pitching for Savannah Hogs : RHP Fernando Vázquez | Now at SS: António Rodríguez | | Batting: RHB Don Martin | 0-0: Ball 1-0: Called Strike 1-1: Ball 2-1: Fly out, F2 (Popup, 2R) | Batting: LHB Roy Woods | 0-0: Ball 1-0: Called Strike 1-1: Ball 2-1: SINGLE (Flyball, 89S) | Batting: RHB Mel Wells | 0-0: Called Strike 0-1: Ball 1-1: Ball 2-1: Grounds into double play, 6-4-3 (Groundball, 6M) | Bottom of the 6th over - 0 runs, 1 hit, 0 errors, 0 left on base; Savannah 5 - Athens 5 | TOP OF THE 7TH |
---|
Savannah Hogs batting - Pitching for Athens Assassins : RHP James Mantle | Batting: RHB Wilson Ortíz | 0-0: Ground out 5-3 (Groundball, 56S) | Pinch Hitting: RHB Miguel Cervantes | 0-0: Ball 1-0: Ball 2-0: Ball 3-0: Called Strike 3-1: Base on Balls | Pinch Hitting: SHB Juan Chávez | 0-0: Ball 1-0: Ground out 4-3 (Groundball, 34) Miguel Cervantes to second | Pitching: LHP Silas Hampton | | Batting: LHB Alberto Castellanos | 0-0: Ball 1-0: Foul Ball, location: 2F 1-1: Ball 2-1: Ball 3-1: Swinging Strike 3-2: Base on Balls | Pitching: LHP Tony Grimes | | Batting: RHB Gilberto Bautista | 0-0: Ball 1-0: Called Strike 1-1: Called Strike 1-2: Ball 2-2: Ball 3-2: Base on Balls Miguel Cervantes to third Alberto Castellanos to second | Batting: RHB Jorge Chávez | 0-0: Called Strike 0-1: Foul Ball, location: 2F 0-2: Ball 1-2: Foul Ball, location: 2F 1-2: Ball 2-2: Strikes out swinging | Top of the 7th over - 0 runs, 0 hits, 0 errors, 3 left on base; Savannah 5 - Athens 5 | BOTTOM OF THE 7TH |
---|
Athens Assassins batting - Pitching for Savannah Hogs : RHP Fernando Vázquez | Now at 2B: Juan Chávez | | Now in LF: Miguel Cervantes | | Batting: RHB Alexander Barr | 0-0: Ball 1-0: Swinging Strike 1-1: Ground out 5-3 (Groundball, 56) | Batting: SHB David Boyle | 0-0: SINGLE (Line Drive, 4D) | Batting: RHB Foster Hapgood | 0-0: Ball 1-0: Ball 2-0: Called Strike 2-1: Ball 3-1: Base on Balls David Boyle to second | Batting: RHB John Jones | 0-0: Ball 1-0: Fly out, F9 (Flyball, 9D) Runner from 2nd tags up, SAFE at 3rd, no throw | Batting: RHB Maximino Abbado | 0-0: Ball 1-0: Ball 2-0: Ball 3-0: Called Strike 3-1: Foul Ball, location: 2F 3-2: Foul Ball, location: 2F 3-2: Fly out, F8 (Flyball, 8RS) | Bottom of the 7th over - 0 runs, 1 hit, 0 errors, 2 left on base; Savannah 5 - Athens 5 | TOP OF THE 8TH |
---|
Savannah Hogs batting - Pitching for Athens Assassins : LHP Tony Grimes | Pinch Hitting: RHB Tucker Cooper | 0-0: Ball 1-0: Called Strike 1-1: Fly out, F6 (Line Drive, 6MD) | Batting: RHB Orlando Márquez | 0-0: Called Strike 0-1: Ball 1-1: Foul Ball, location: 2F 1-2: Strikes out swinging | Pinch Hitting: RHB José Ramos | 0-0: Ball 1-0: Ball 2-0: Called Strike 2-1: Ball 3-1: Base on Balls | Batting: RHB Wilson Ortíz | 0-0: Ball 1-0: Called Strike 1-1: Ball 2-1: Fly out, F9 (Flyball, 89M) | Top of the 8th over - 0 runs, 0 hits, 0 errors, 1 left on base; Savannah 5 - Athens 5 | BOTTOM OF THE 8TH |
---|
Athens Assassins batting - Pitching for Savannah Hogs : RHP Fernando Vázquez | Pitching: RHP Yalew Omwancha | | Now at 1B: Tucker Cooper | | Now at SS: Juan Morales | | Batting: RHB Jake Erickson | 0-0: Ball 1-0: Ball 2-0: Swinging Strike 2-1: Swinging Strike 2-2: Ball 3-2: Strikes out looking | Batting: RHB Don Martin | 0-0: Called Strike 0-1: Ball 1-1: Ball 2-1: Ball 3-1: Foul Ball, location: 2F 3-2: Strikes out swinging | Batting: LHB Roy Woods | 0-0: Ball 1-0: Called Strike 1-1: Ball 2-1: Ball 3-1: Base on Balls | Pinch Hitting: LHB Brian Turner | 0-0: Ball 1-0: Fielders Choice at 2nd, 5-4 (Groundball, 5) | Bottom of the 8th over - 0 runs, 0 hits, 0 errors, 1 left on base; Savannah 5 - Athens 5 | TOP OF THE 9TH |
---|
Savannah Hogs batting - Pitching for Athens Assassins : LHP Tony Grimes | Pitching: LHP Dan Thompson | | Now at SS: Joe Baker | | Batting: RHB Miguel Cervantes | 0-0: Ball 1-0: Swinging Strike 1-1: Ground out 6-3 (Groundball, 6) | Batting: SHB Juan Chávez | 0-0: Called Strike 0-1: Ball 1-1: Ball 2-1: Fly out, F3 (Popup, 3S) | Batting: LHB Alberto Castellanos | 0-0: Ball 1-0: Ground out U3 (Groundball, 3) | Top of the 9th over - 0 runs, 0 hits, 0 errors, 0 left on base; Savannah 5 - Athens 5 | BOTTOM OF THE 9TH |
---|
Athens Assassins batting - Pitching for Savannah Hogs : RHP Yalew Omwancha | Batting: RHB Alexander Barr | 0-0: Called Strike 0-1: Ground out 6-3 (Groundball, 56) | Batting: SHB David Boyle | 0-0: Ball 1-0: Ball 2-0: Ball 3-0: Called Strike 3-1: SINGLE (Line Drive, 7S) | Batting: RHB Foster Hapgood | 0-0: Ball 1-0: Grounds into double play, 1-6-3 (Groundball, 13S) | Bottom of the 9th over - 0 runs, 1 hit, 0 errors, 0 left on base; Savannah 5 - Athens 5 | TOP OF THE 10TH |
---|
Savannah Hogs batting - Pitching for Athens Assassins : LHP Dan Thompson | Batting: RHB Gilberto Bautista | 0-0: Foul Ball, location: 2F 0-1: Called Strike 0-2: Ball 1-2: Ball 2-2: Ball 3-2: Foul Ball, location: 2F 3-2: Foul Ball, location: 2F 3-2: Strikes out swinging | Batting: RHB Jorge Chávez | 0-0: Called Strike 0-1: Foul Ball, location: 2F 0-2: Hit by Pitch | Batting: RHB Tucker Cooper | 0-0: Ball 1-0: SINGLE (Groundball, 6MD) Jorge Chávez to second Jorge Chávez to third | Batting: RHB Orlando Márquez | 0-0: Ball 1-0: Ball 2-0: Foul Ball, location: 2F 2-1: Foul Ball, location: 2F 2-2: Strikes out looking | Batting: RHB Juan Morales | 0-0: SINGLE (Line Drive, 7LS) Jorge Chávez scores Tucker Cooper to second | Pinch Runner at 2nd Juan Soriano: | | Batting: RHB Wilson Ortíz | 0-0: Foul Ball, location: 2F 0-1: Swinging Strike 0-2: Strikes out swinging | Top of the 10th over - 1 run, 2 hits, 0 errors, 2 left on base; Savannah 6 - Athens 5 | |